Thunder vs Diables
(R1)
Created - February 3, 2019 at 22:44
Goals
|
| Thunder |
0 |
1 |
0 |
1 |
| Diables |
0 |
3 |
2 |
5 |
|
Shots
|
| Thunder |
6 |
13 |
13 |
32 |
| Diables |
3 |
13 |
24 |
40 |
|
1st period
No Goal
Penalties :
No Penalty
2nd period
1. Diables , Brandon Prust 9 (Craig Smith 42, Nick Bjugstad 36) at 4:56 (PP)
2. Thunder , Joe Labate 5 (Dany Roussin 19, Joey Ryan 26) at 7:15
3. Diables , Nick Bjugstad 22 (Brandon Prust 10, Craig Smith 43) at 7:31
4. Diables , Craig Smith 29 (Brandon Prust 11, Nick Bjugstad 37) at 12:28
Penalties :
Brandon Prust (Alm) for Interference (Minor) at 1:33, Jake Muzzin (TRO) for Holding (Minor) at 4:53
3rd period
5. Diables , Nick Bjugstad 23 (Brandon Prust 12, Craig Smith 44) at 18:24 (PP)
6. Diables , Carl Gunnarsson 4 (Mark Fraser 14, Tim Schaller 43) at 19:36
Penalties :
Jamie McGinn (TRO) for Holding Stick (Minor) at 4:07, Jan Mursak (Alm) for Slashing (Minor) at 6:38, Adam Clendening (TRO) for Roughing (Minor) at 14:52, Joey Ryan (TRO) for Tripping (Minor) at 18:17
Goalie Stats
Sergei Bobrovsky (TRO), 35 saves from 40 shots - (0.875), L, 0-2-0, 60:00 minutes
Garret Sparks (Alm), 31 saves from 32 shots - (0.969), W, 7-9-1, 60:00 minutes
Players Stats for Thunder
Player Name G A P +/- PIM S H SB GA TA FO MP PP MP PK MP
------------------------------------------------------------------------------------
Adam Clendening 0 0 0 -1 2 1 1 2 0 1 0/0 17:47 1:31 0:10
Austin Wuthrich 0 0 0 -1 0 2 3 1 0 0 0/0 15:28 0:00 0:00
Dany Roussin 0 1 1 0 0 7 2 1 0 0 1/1 21:51 1:42 2:06
David Wolf 0 0 0 -1 0 2 2 1 0 1 1/1 16:54 0:00 0:55
Duncan Siemens 0 0 0 0 0 0 0 0 0 0 0/0 12:05 0:00 0:11
Gianluca Curcuruto 0 0 0 0 0 0 1 0 0 1 0/0 7:53 0:00 1:35
Jake Muzzin 0 0 0 -1 2 1 2 3 0 0 0/0 23:04 2:27 1:41
Jamie McGinn 0 0 0 0 2 1 0 0 0 0 0/0 6:02 0:34 0:00
Jared Staal 0 0 0 0 0 0 0 0 0 0 0/0 1:17 0:00 0:00
Joe Labate 1 0 1 0 0 2 3 0 0 2 13/26 18:17 1:42 0:27
Joey Ryan 0 1 1 -1 2 4 1 1 1 0 0/0 25:50 2:27 1:37
Mikko Vainonen 0 0 0 0 0 1 0 0 0 0 0/0 13:41 0:00 1:44
Nikolay Prokhorkin 0 0 0 -1 0 0 1 0 0 0 2/2 17:14 1:42 1:07
Peter Andersson 0 0 0 -1 0 4 0 3 0 2 0/0 20:46 1:31 1:18
Scott Parse 0 0 0 -1 0 4 2 0 1 0 5/10 22:45 2:16 2:06
Thomas Spelling 0 0 0 0 0 0 3 1 0 0 1/2 17:53 1:42 0:00
Trevor Lewis 0 0 0 -1 0 2 0 0 1 0 10/18 19:02 2:16 0:34
Zach Stepan 0 0 0 -1 0 1 1 2 0 0 1/6 16:47 0:00 1:01
Players Stats for Diables
Player Name G A P +/- PIM S H SB GA TA FO MP PP MP PK MP
------------------------------------------------------------------------------------
Andrew O'Brien 0 0 0 1 0 1 1 0 0 0 0/0 11:28 0:00 0:00
Brandon Prust 1 3 4 1 2 9 2 0 2 0 2/4 20:53 1:17 1:04
Carl Gunnarsson 1 0 1 1 0 2 0 5 0 0 0/0 28:05 2:37 2:18
Chris Bigras 0 0 0 1 0 0 0 1 0 0 0/0 11:40 0:00 0:00
Chris Tierney 0 0 0 0 0 0 0 0 1 0 2/3 11:09 0:11 0:47
Christian Thomas 0 0 0 0 0 0 0 0 0 0 0/0 9:04 0:14 0:00
Craig Smith 1 3 4 1 0 5 3 2 1 0 1/4 22:21 1:22 2:27
Jamie Oleksiak 0 0 0 0 0 2 1 3 0 0 0/0 20:27 1:31 1:40
Jan Mursak 0 0 0 0 2 2 3 0 0 0 0/0 11:18 0:37 0:00
Jordan Caron 0 0 0 1 0 1 4 0 0 0 0/0 15:49 2:00 0:00
Louis Leblanc 0 0 0 0 0 0 1 0 0 0 1/2 8:47 0:00 0:00
Mark Fraser 0 1 1 1 0 3 2 1 0 0 0/0 28:05 2:37 2:18
Michal Repik 0 0 0 0 0 2 0 0 1 0 3/7 10:58 0:35 1:24
Mikko Lehtonen 0 0 0 0 0 1 1 1 1 0 0/0 11:00 0:46 0:00
Nick Bjugstad 2 2 4 1 0 5 2 0 0 1 18/31 21:00 1:22 0:43
Pavel Valentenko 0 0 0 0 0 1 0 3 0 0 0/0 20:15 1:31 1:40
Taylor Beck 0 0 0 1 0 1 2 0 0 0 0/0 16:39 2:00 0:48
Tim Schaller 0 1 1 1 0 5 2 2 1 2 5/15 17:02 2:00 0:43
3 Stars
1 - Nick Bjugstad (Alm)
2 - Craig Smith (Alm)
3 - Brandon Prust (Alm)
Power Play
Thunder - 0 on 2 Attempt(s) - 0.00%
Diables - 2 on 4 Attempt(s) - 50.00%
Penalty Kill
Thunder - 2 on 4 Attempt(s) - 50.00%
- Score 0 goal in Penalty Kill
Diables - 2 on 2 Attempt(s) - 100.00%
- Score 0 goal in Penalty Kill
Team Stat
Thunder - Hits : 22 - Faceoff Wins : 34 - Blocked Shots : 15 - Penalty Minutes : 8
Diables - Hits : 24 - Faceoff Wins : 32 - Blocked Shots : 18 - Penalty Minutes : 4
Official
Referees : Unknown
Linesman : Unknown
Game Notes
Jared Staal is injured at 4:07 of 1st period (Right Knee)
Finance
Level 1 -- Attendance: 1521 (76.05%) -- Ticket Income $60,840
Level 2 -- Attendance: 719 (71.90%) -- Ticket Income $14,380
Total Attendance: 2240 (74.67%)
Total Ticket Income: $75,220
Other Income: $3,761
Total Income: $78,981
Thunder
5 vs 5 Forward
Center Left Wing Right Wing Time % Phy DF OF
1 Trevor Lewis Scott Parse Jared Staal 40 1 2 2
2 Joe Labate Dany Roussin Thomas Spelling 30 1 2 2
3 Zach Stepan David Wolf Austin Wuthrich 20 1 2 2
4 Scott Parse Jamie McGinn Dany Roussin 10 1 2 2
5 vs 5 Defense
Defense Defense Time % Phy DF OF
1 Joey Ryan Jake Muzzin 40 1 2 2
2 Peter Andersson Adam Clendening 30 1 2 2
3 Duncan Siemens Mikko Vainonen 20 1 2 2
4 Gianluca Curcuruto Joey Ryan 10 1 2 2
PowerPlay Forward
Center Left Wing Right Wing Time % Phy DF OF
1 Trevor Lewis Scott Parse Jared Staal 60 1 2 2
2 Joe Labate Dany Roussin Thomas Spelling 40 1 2 2
PowerPlay Defense
Defense Defense Time % Phy DF OF
1 Joey Ryan Jake Muzzin 60 1 2 2
2 Peter Andersson Adam Clendening 40 1 2 2
Penalty Kill 4 Players Forward
Center Wing Time % Phy DF OF
1 Scott Parse Dany Roussin 60 1 2 2
2 Trevor Lewis David Wolf 40 1 2 2
Penalty Kill 4 Players Defense
Defense Defense Time % Phy DF OF
1 Joey Ryan Jake Muzzin 60 1 2 2
2 Peter Andersson Adam Clendening 40 1 2 2
Penalty Kill - 3 Players Forward
Forward Time % Phy DF OF
1 Scott Parse 60 1 2 2
2 Dany Roussin 40 1 2 2
Penalty Kill - 3 Players Defense
Defense Defense Time % Phy DF OF
1 Joey Ryan Jake Muzzin 60 1 2 2
2 Peter Andersson Adam Clendening 40 1 2 2
4 vs 4 Forward
Center Wing Time % Phy DF OF
1 Scott Parse Dany Roussin 60 1 2 2
2 Trevor Lewis David Wolf 40 1 2 2
4 vs 4 Defense
Defense Defense Time % Phy DF OF
1 Joey Ryan Jake Muzzin 60 1 2 2
2 Peter Andersson Adam Clendening 40 1 2 2
Last Minutes Offensive
Center Left Wing Right Wing Defense Defense
Trevor Lewis Scott Parse Jared Staal Joey Ryan Jake Muzzin
Last Minutes Defensive
Center Left Wing Right Wing Defense Defense
Trevor Lewis Scott Parse Jared Staal Joey Ryan Jake Muzzin
Goaltenders
Starting : Sergei Bobrovsky
Backup : Devan Dubnyk
Extra Forwards
Normal : Nikolay Prokhorkin, Jamie McGinn, Zach Stepan - PP : Nikolay Prokhorkin, Jamie McGinn - PK : Zach Stepan
Extra Defensemen
Normal : Duncan Siemens, Mikko Vainonen, Gianluca Curcuruto - PP : Duncan Siemens - PK : Mikko Vainonen, Gianluca Curcuruto
Penalty Shots
Scott Parse, Dany Roussin, Trevor Lewis, David Wolf, Jamie McGinn
Scratches
Ryan Nugent-Hopkins (Left Wrist Injury), Niklas Treutle (Healthy)
Diables
5 vs 5 Forward
Center Left Wing Right Wing Time % Phy DF OF
1 Nick Bjugstad Brandon Prust Craig Smith 40 1 2 2
2 Tim Schaller Taylor Beck Jordan Caron 30 1 2 2
3 Chris Tierney Jan Mursak Mikko Lehtonen 20 1 2 2
4 Louis Leblanc Christian Thomas Michal Repik 10 1 2 2
5 vs 5 Defense
Defense Defense Time % Phy DF OF
1 Carl Gunnarsson Mark Fraser 40 1 2 2
2 Pavel Valentenko Jamie Oleksiak 30 1 2 2
3 Andrew O'Brien Chris Bigras 20 1 2 2
4 Carl Gunnarsson Mark Fraser 10 1 2 2
PowerPlay Forward
Center Left Wing Right Wing Time % Phy DF OF
1 Nick Bjugstad Brandon Prust Craig Smith 60 1 2 2
2 Tim Schaller Taylor Beck Jordan Caron 40 1 2 2
PowerPlay Defense
Defense Defense Time % Phy DF OF
1 Carl Gunnarsson Mark Fraser 60 1 2 2
2 Pavel Valentenko Jamie Oleksiak 40 1 2 2
Penalty Kill 4 Players Forward
Center Wing Time % Phy DF OF
1 Brandon Prust Craig Smith 60 1 2 2
2 Nick Bjugstad Tim Schaller 40 1 2 2
Penalty Kill 4 Players Defense
Defense Defense Time % Phy DF OF
1 Carl Gunnarsson Mark Fraser 60 1 2 2
2 Pavel Valentenko Jamie Oleksiak 40 1 2 2
Penalty Kill - 3 Players Forward
Forward Time % Phy DF OF
1 Brandon Prust 60 1 2 2
2 Craig Smith 40 1 2 2
Penalty Kill - 3 Players Defense
Defense Defense Time % Phy DF OF
1 Carl Gunnarsson Mark Fraser 60 1 2 2
2 Pavel Valentenko Jamie Oleksiak 40 1 2 2
4 vs 4 Forward
Center Wing Time % Phy DF OF
1 Brandon Prust Craig Smith 60 1 2 2
2 Nick Bjugstad Tim Schaller 40 1 2 2
4 vs 4 Defense
Defense Defense Time % Phy DF OF
1 Carl Gunnarsson Mark Fraser 60 1 2 2
2 Pavel Valentenko Jamie Oleksiak 40 1 2 2
Last Minutes Offensive
Center Left Wing Right Wing Defense Defense
Nick Bjugstad Brandon Prust Craig Smith Carl Gunnarsson Mark Fraser
Last Minutes Defensive
Center Left Wing Right Wing Defense Defense
Nick Bjugstad Brandon Prust Craig Smith Carl Gunnarsson Mark Fraser
Goaltenders
Starting : Garret Sparks
Backup : Eric Comrie
Extra Forwards
Normal : Jan Mursak, Mikko Lehtonen, Michal Repik - PP : Jan Mursak, Mikko Lehtonen - PK : Michal Repik
Extra Defensemen
Normal : Andrew O'Brien, Chris Bigras, Pavel Valentenko - PP : Andrew O'Brien - PK : Chris Bigras, Pavel Valentenko
Penalty Shots
Brandon Prust, Craig Smith, Nick Bjugstad, Tim Schaller, Jordan Caron
Scratches
Stephen Harper (Healthy), Emil Djuse (Healthy), Gemel Smith (Healthy), Matt Lindblad (Healthy), Cole Cassels (Healthy)
Jeremy Gregoire (Healthy), Connor Hurley (Healthy), Gustav Olofsson (Healthy), Andreas Johnsson (Healthy), Brett Ritchie (Healthy)
Mitchell Moroz (Healthy), Daniel Zaar (Broken Nose Injury), Marc-André Bourdon (Healthy), Linus Ullmark (Healthy), Jack Campbell (Healthy)
% Time on Ice - Thunder
Lines # - Real PCT - Wanted PCT - Time Play
Normal Forward
1 - 39% - 40% - 20:06
2 - 28% - 30% - 14:44
3 - 29% - 20% - 14:53
4 - 4% - 10% - 2:11
Normal Defense
1 - 37% - 40% - 19:24
2 - 33% - 30% - 17:08
3 - 21% - 20% - 10:44
4 - 9% - 10% - 4:38
PP Forward
1 - 57% - 60% - 2:16
2 - 43% - 40% - 1:42
PP Defense
1 - 62% - 60% - 2:27
2 - 38% - 40% - 1:31
PK Forward
1 - 86% - 60% - 3:34
2 - 14% - 40% - 0:34
PK Defense
1 - 64% - 60% - 2:39
2 - 36% - 40% - 1:29
PK3 Forward
1 - 0% - 60%
2 - 0% - 40%
PK3 Defense
1 - 0% - 60%
2 - 0% - 40%
44 Forward
1 - 0% - 60%
2 - 0% - 40%
44 Defense
1 - 0% - 60%
2 - 0% - 40%
Last Minute Offensive - 0:00
Last Minute Defensive - 0:00
Total
Forward - 60:00
Defense - 60:00
|
% Time on Ice - Diables
Lines # - Real PCT - Wanted PCT - Time Play
Normal Forward
1 - 36% - 40% - 18:30
2 - 28% - 30% - 14:38
3 - 19% - 20% - 9:59
4 - 17% - 10% - 8:47
Normal Defense
1 - 39% - 40% - 20:13
2 - 33% - 30% - 17:04
3 - 22% - 20% - 11:28
4 - 6% - 10% - 3:09
PP Forward
1 - 50% - 60% - 2:05
2 - 50% - 40% - 2:03
PP Defense
1 - 63% - 60% - 2:37
2 - 37% - 40% - 1:31
PK Forward
1 - 82% - 60% - 3:15
2 - 18% - 40% - 0:43
PK Defense
1 - 58% - 60% - 2:18
2 - 42% - 40% - 1:40
PK3 Forward
1 - 0% - 60%
2 - 0% - 40%
PK3 Defense
1 - 0% - 60%
2 - 0% - 40%
44 Forward
1 - 0% - 60%
2 - 0% - 40%
44 Defense
1 - 0% - 60%
2 - 0% - 40%
Last Minute Offensive - 0:00
Last Minute Defensive - 0:00
Total
Forward - 60:00
Defense - 60:00
|
Play-by-Play
1st period
0:01 of 1st period - Scott Parse wins face-off versus Nick Bjugstad in neutral zone.
0:10 of 1st period - Trevor Lewis is hit by Craig Smith.
0:32 of 1st period - Jake Muzzin is hit by Jordan Caron and loses puck.
1:48 of 1st period - Icing by Christian Thomas.
1:49 of 1st period - Joe Labate wins face-off versus Tim Schaller in Diables zone.
1:56 of 1st period - Wrist shot by Dany Roussin.
1:56 of 1st period - Shot Blocked by Tim Schaller.
1:58 of 1st period - Slapshot by Peter Andersson.
1:58 of 1st period - Stopped by Garret Sparks with a rebound.
2:00 of 1st period - Snap shot by Thomas Spelling.
2:00 of 1st period - Shot Misses the Net.
2:20 of 1st period - Wrist shot by Scott Parse.
2:20 of 1st period - Shot Misses the Net.
2:22 of 1st period - Slapshot by Trevor Lewis.
2:22 of 1st period - Shot Blocked by Pavel Valentenko.
2:24 of 1st period - Backhand shot by Adam Clendening.
2:24 of 1st period - Shot Blocked by Craig Smith.
2:26 of 1st period - Snap shot by Trevor Lewis.
2:26 of 1st period - Shot Misses the Net.
4:06 of 1st period - Jared Staal is hit by Jan Mursak and loses puck.
4:07 of 1st period - Jared Staal from Thunder is injured at 4:07 of 1st period (Right Knee).
4:08 of 1st period - Trevor Lewis wins face-off versus Nick Bjugstad in Thunder zone.
4:33 of 1st period - Thomas Spelling is hit by Taylor Beck.
4:37 of 1st period - Snap shot by Dany Roussin.
4:37 of 1st period - Stopped by Garret Sparks without a rebound.
4:38 of 1st period - Trevor Lewis wins face-off versus Tim Schaller in Diables zone.
4:44 of 1st period - Off-side.
4:45 of 1st period - Nick Bjugstad wins face-off versus Trevor Lewis in neutral zone.
4:50 of 1st period - Snap shot by Brandon Prust.
4:50 of 1st period - Stopped by Sergei Bobrovsky without a rebound.
4:51 of 1st period - Trevor Lewis wins face-off versus Nick Bjugstad in Thunder zone.
4:56 of 1st period - Snap shot by Trevor Lewis.
4:56 of 1st period - Shot Blocked by Carl Gunnarsson.
4:58 of 1st period - Slapshot by Duncan Siemens.
4:58 of 1st period - Deflect By Scott Parse.
4:58 of 1st period - Shot Hit the Post.
4:58 of 1st period - Puck is out of play.
4:59 of 1st period - Trevor Lewis wins face-off versus Tim Schaller in Diables zone.
5:00 of 1st period - Snap shot by Scott Parse.
5:00 of 1st period - Deflect By Trevor Lewis.
5:00 of 1st period - Stopped by Garret Sparks with a rebound.
6:27 of 1st period - Wrist shot by Dany Roussin.
6:27 of 1st period - Stopped by Garret Sparks with a rebound.
7:25 of 1st period - Peter Andersson is hit by Jordan Caron and loses puck.
7:34 of 1st period - Scott Parse is hit by Tim Schaller and loses puck.
7:55 of 1st period - Mikko Lehtonen is hit by David Wolf and loses puck.
9:21 of 1st period - Snap shot by Michal Repik.
9:21 of 1st period - Deflect By Adam Clendening.
9:21 of 1st period - Shot Misses the Net.
9:21 of 1st period - Puck is out of play.
9:22 of 1st period - David Wolf wins face-off versus Michal Repik in Thunder zone.
9:33 of 1st period - Wrist shot by Michal Repik.
9:33 of 1st period - Shot Misses the Net.
9:35 of 1st period - Wrist shot by Louis Leblanc.
9:35 of 1st period - Shot Misses the Net.
10:23 of 1st period - Slapshot by Joey Ryan.
10:23 of 1st period - Stopped by Garret Sparks with a rebound.
10:43 of 1st period - Wrist shot by Michal Repik.
10:43 of 1st period - Shot Misses the Net.
10:45 of 1st period - Slapshot by Pavel Valentenko.
10:45 of 1st period - Shot Blocked by David Wolf.
10:47 of 1st period - Slapshot by Pavel Valentenko.
10:47 of 1st period - Shot Blocked by Joey Ryan.
10:49 of 1st period - Slapshot by Jamie Oleksiak.
10:49 of 1st period - Stopped by Sergei Bobrovsky with a rebound.
10:51 of 1st period - Snap shot by Michal Repik.
10:51 of 1st period - Shot Misses the Net.
12:09 of 1st period - Louis Leblanc is hit by Gianluca Curcuruto and loses puck.
12:17 of 1st period - Off-side.
12:18 of 1st period - Trevor Lewis wins face-off versus Nick Bjugstad in neutral zone.
12:43 of 1st period - Peter Andersson is hit by Jan Mursak and loses puck.
13:11 of 1st period - Icing by Dany Roussin.
13:12 of 1st period - Joe Labate wins face-off versus Nick Bjugstad in Thunder zone.
13:17 of 1st period - Snap shot by Dany Roussin.
13:17 of 1st period - Stopped by Garret Sparks without a rebound.
13:18 of 1st period - Joe Labate wins face-off versus Nick Bjugstad in Diables zone.
13:45 of 1st period - Snap shot by Jordan Caron.
13:45 of 1st period - Shot Misses the Net.
13:47 of 1st period - Slapshot by Chris Bigras.
13:47 of 1st period - Shot Misses the Net.
13:49 of 1st period - Snap shot by Andrew O'Brien.
13:49 of 1st period - Deflect By Scott Parse.
13:49 of 1st period - Stopped by Sergei Bobrovsky with a rebound.
14:56 of 1st period - Dany Roussin is hit by Brandon Prust and loses puck.
19:27 of 1st period - Nikolay Prokhorkin is hit by Louis Leblanc and loses puck.
19:42 of 1st period - Jamie Oleksiak is hit by Scott Parse and loses puck.
Goals for this period are 0 for Thunder vs 0 for Diables.
Shots for this period are 6 for Thunder vs 3 for Diables.
2nd period
0:01 of 2nd period - Nick Bjugstad wins face-off versus Joe Labate in neutral zone.
0:10 of 2nd period - Slapshot by Nick Bjugstad.
0:10 of 2nd period - Stopped by Sergei Bobrovsky without a rebound.
0:11 of 2nd period - Nick Bjugstad wins face-off versus Joe Labate in Thunder zone.
0:24 of 2nd period - Slapshot by Brandon Prust.
0:24 of 2nd period - Shot Misses the Net.
0:36 of 2nd period - Taylor Beck is hit by Austin Wuthrich and loses puck.
0:42 of 2nd period - Icing by Mark Fraser.
0:43 of 2nd period - Scott Parse wins face-off versus Tim Schaller in Diables zone.
0:54 of 2nd period - Slapshot by Scott Parse.
0:54 of 2nd period - Shot Misses the Net.
0:56 of 2nd period - Wrist shot by Jamie McGinn.
0:56 of 2nd period - Stopped by Garret Sparks with a rebound.
0:58 of 2nd period - Snap shot by Dany Roussin.
0:58 of 2nd period - Stopped by Garret Sparks with a rebound.
1:05 of 2nd period - Icing by Carl Gunnarsson.
1:06 of 2nd period - Tim Schaller wins face-off versus Zach Stepan in Diables zone.
1:06 of 2nd period - Tim Schaller is hit by Austin Wuthrich.
1:33 of 2nd period - Minor Penalty to Brandon Prust for Interference.
1:34 of 2nd period - Michal Repik wins face-off versus Trevor Lewis in Diables zone.
2:47 of 2nd period - Slapshot by Dany Roussin.
2:47 of 2nd period - Deflect By Thomas Spelling.
2:47 of 2nd period - Shot Misses the Net.
2:47 of 2nd period - Puck is out of play.
2:48 of 2nd period - Michal Repik wins face-off versus Joe Labate in Diables zone.
2:55 of 2nd period - Wrist shot by Dany Roussin.
2:55 of 2nd period - Shot Blocked by Jamie Oleksiak.
2:57 of 2nd period - Snap shot by Jake Muzzin.
2:57 of 2nd period - Deflect By Dany Roussin.
2:57 of 2nd period - Shot Blocked by Jamie Oleksiak.
2:57 of 2nd period - Puck is out of play.
2:58 of 2nd period - Trevor Lewis wins face-off versus Michal Repik in Diables zone.
3:33 of 2nd period - Penalty to Brandon Prust is over, Brandon Prust is back on ice.
4:26 of 2nd period - Snap shot by Dany Roussin.
4:26 of 2nd period - Shot Misses the Net.
4:38 of 2nd period - Snap shot by David Wolf.
4:38 of 2nd period - Deflect By Zach Stepan.
4:38 of 2nd period - Shot Misses the Net.
4:38 of 2nd period - Puck is out of play.
4:39 of 2nd period - Nick Bjugstad wins face-off versus Zach Stepan in Diables zone.
4:46 of 2nd period - Slapshot by Brandon Prust.
4:46 of 2nd period - Stopped by Sergei Bobrovsky without a rebound.
4:47 of 2nd period - Tim Schaller wins face-off versus Joe Labate in Thunder zone.
4:53 of 2nd period - Minor Penalty to Jake Muzzin for Holding.
4:54 of 2nd period - Nick Bjugstad wins face-off versus Scott Parse in Thunder zone.
4:54 of 2nd period - Wrist shot by Craig Smith.
4:54 of 2nd period - Shot Misses the Net.
4:56 of 2nd period - Slapshot by Brandon Prust.
4:56 of 2nd period - Goal by Brandon Prust - Thunder : 0 - Diables : 1.
4:57 of 2nd period - Joe Labate wins face-off versus Nick Bjugstad in neutral zone.
5:06 of 2nd period - Snap shot by Joe Labate.
5:06 of 2nd period - Shot Blocked by Carl Gunnarsson.
5:08 of 2nd period - Slapshot by Jake Muzzin.
5:08 of 2nd period - Stopped by Garret Sparks with a rebound.
5:10 of 2nd period - Wrist shot by Thomas Spelling.
5:10 of 2nd period - Shot Misses the Net.
5:12 of 2nd period - Slapshot by Jake Muzzin.
5:12 of 2nd period - Shot Misses the Net.
5:22 of 2nd period - Joey Ryan is hit by Mark Fraser and loses puck.
5:45 of 2nd period - Wrist shot by Mikko Lehtonen.
5:45 of 2nd period - Stopped by Sergei Bobrovsky without a rebound.
5:46 of 2nd period - Joe Labate wins face-off versus Chris Tierney in Thunder zone.
6:12 of 2nd period - Scott Parse is hit by Nick Bjugstad and loses puck.
6:19 of 2nd period - Slapshot by Joey Ryan.
6:19 of 2nd period - Stopped by Garret Sparks with a rebound.
6:25 of 2nd period - Scott Parse is hit by Nick Bjugstad and loses puck.
6:38 of 2nd period - Slapshot by Taylor Beck.
6:38 of 2nd period - Shot Misses the Net.
6:40 of 2nd period - Snap shot by Tim Schaller.
6:40 of 2nd period - Stopped by Sergei Bobrovsky without a rebound.
6:41 of 2nd period - Zach Stepan wins face-off versus Tim Schaller in Thunder zone.
6:41 of 2nd period - Zach Stepan is hit by Tim Schaller.
7:00 of 2nd period - Snap shot by David Wolf.
7:00 of 2nd period - Stopped by Garret Sparks without a rebound.
7:01 of 2nd period - Joe Labate wins face-off versus Nick Bjugstad in Diables zone.
7:05 of 2nd period - Snap shot by Jake Muzzin.
7:05 of 2nd period - Shot Blocked by Carl Gunnarsson.
7:07 of 2nd period - Wrist shot by Joe Labate.
7:07 of 2nd period - Shot Misses the Net.
7:09 of 2nd period - Slapshot by Joey Ryan.
7:09 of 2nd period - Shot Blocked by Carl Gunnarsson.
7:11 of 2nd period - Backhand shot by Dany Roussin.
7:11 of 2nd period - Stopped by Garret Sparks with a rebound.
7:13 of 2nd period - Snap shot by Dany Roussin.
7:13 of 2nd period - Shot Blocked by Mark Fraser.
7:15 of 2nd period - Wrist shot by Joe Labate.
7:15 of 2nd period - Goal by Joe Labate - Thunder : 1 - Diables : 1.
7:16 of 2nd period - Nick Bjugstad wins face-off versus Joe Labate in neutral zone.
7:19 of 2nd period - Jake Muzzin is hit by Mark Fraser.
7:25 of 2nd period - Snap shot by Brandon Prust.
7:25 of 2nd period - Shot Blocked by Thomas Spelling.
7:27 of 2nd period - Snap shot by Nick Bjugstad.
7:27 of 2nd period - Shot Blocked by Jake Muzzin.
7:29 of 2nd period - Wrist shot by Brandon Prust.
7:29 of 2nd period - Stopped by Sergei Bobrovsky with a rebound.
7:31 of 2nd period - Snap shot by Nick Bjugstad.
7:31 of 2nd period - Goal by Nick Bjugstad - Thunder : 1 - Diables : 2.
7:32 of 2nd period - Thomas Spelling wins face-off versus Craig Smith in neutral zone.
8:13 of 2nd period - Carl Gunnarsson is hit by Scott Parse.
8:25 of 2nd period - Wrist shot by David Wolf.
8:25 of 2nd period - Deflect By Austin Wuthrich.
8:25 of 2nd period - Stopped by Garret Sparks without a rebound.
8:26 of 2nd period - Nick Bjugstad wins face-off versus Zach Stepan in Diables zone.
8:36 of 2nd period - Slapshot by Adam Clendening.
8:36 of 2nd period - Stopped by Garret Sparks with a rebound.
8:38 of 2nd period - Slapshot by Adam Clendening.
8:38 of 2nd period - Shot Misses the Net.
8:40 of 2nd period - Wrist shot by David Wolf.
8:40 of 2nd period - Shot Blocked by Craig Smith.
8:42 of 2nd period - Slapshot by Peter Andersson.
8:42 of 2nd period - Deflect By Zach Stepan.
8:42 of 2nd period - Stopped by Garret Sparks with a rebound.
8:52 of 2nd period - Peter Andersson is hit by Andrew O'Brien and loses puck.
9:21 of 2nd period - Snap shot by Scott Parse.
9:21 of 2nd period - Shot Misses the Net.
9:39 of 2nd period - Wrist shot by Jordan Caron.
9:39 of 2nd period - Deflect By Taylor Beck.
9:39 of 2nd period - Stopped by Sergei Bobrovsky without a rebound.
9:40 of 2nd period - Joe Labate wins face-off versus Nick Bjugstad in Thunder zone.
10:07 of 2nd period - Joey Ryan is hit by Taylor Beck and loses puck.
11:54 of 2nd period - Mark Fraser is hit by Adam Clendening.
11:57 of 2nd period - Off-side.
11:58 of 2nd period - Nick Bjugstad wins face-off versus Joe Labate in neutral zone.
12:10 of 2nd period - Icing by Craig Smith.
12:11 of 2nd period - Nick Bjugstad wins face-off versus Trevor Lewis in Diables zone.
12:24 of 2nd period - Snap shot by Craig Smith.
12:24 of 2nd period - Stopped by Sergei Bobrovsky with a rebound.
12:28 of 2nd period - Snap shot by Craig Smith.
12:28 of 2nd period - Goal by Craig Smith - Thunder : 1 - Diables : 3.
12:29 of 2nd period - Joe Labate wins face-off versus Nick Bjugstad in neutral zone.
12:32 of 2nd period - Backhand shot by Thomas Spelling.
12:32 of 2nd period - Shot Misses the Net.
12:34 of 2nd period - Slapshot by Jake Muzzin.
12:34 of 2nd period - Deflect By Dany Roussin.
12:34 of 2nd period - Shot Misses the Net.
12:34 of 2nd period - Puck is out of play.
12:35 of 2nd period - Nick Bjugstad wins face-off versus Joe Labate in Diables zone.
12:35 of 2nd period - Nick Bjugstad is hit by Dany Roussin.
13:24 of 2nd period - Snap shot by Jan Mursak.
13:24 of 2nd period - Shot Misses the Net.
13:28 of 2nd period - Slapshot by Mikko Lehtonen.
13:28 of 2nd period - Shot Misses the Net.
13:30 of 2nd period - Slapshot by Mark Fraser.
13:30 of 2nd period - Shot Blocked by Peter Andersson.
13:49 of 2nd period - Slapshot by Jamie Oleksiak.
13:49 of 2nd period - Stopped by Sergei Bobrovsky without a rebound.
13:50 of 2nd period - Craig Smith wins face-off versus Trevor Lewis in Thunder zone.
14:15 of 2nd period - Jamie Oleksiak is hit by Thomas Spelling and loses puck.
14:22 of 2nd period - Snap shot by Thomas Spelling.
14:22 of 2nd period - Shot Misses the Net.
15:00 of 2nd period - Slapshot by Peter Andersson.
15:00 of 2nd period - Stopped by Garret Sparks with a rebound.
15:10 of 2nd period - Trevor Lewis is hit by Brandon Prust and loses puck.
15:26 of 2nd period - Mark Fraser is hit by Thomas Spelling and loses puck.
15:57 of 2nd period - Snap shot by Jan Mursak.
15:57 of 2nd period - Shot Misses the Net.
15:59 of 2nd period - Slapshot by Mark Fraser.
15:59 of 2nd period - Shot Misses the Net.
17:33 of 2nd period - Carl Gunnarsson is hit by Joey Ryan and loses puck.
17:41 of 2nd period - Icing by Jake Muzzin.
17:42 of 2nd period - Joe Labate wins face-off versus Nick Bjugstad in Thunder zone.
17:49 of 2nd period - Slapshot by Dany Roussin.
17:49 of 2nd period - Stopped by Garret Sparks with a rebound.
18:24 of 2nd period - Icing by Taylor Beck.
18:25 of 2nd period - Chris Tierney wins face-off versus Joe Labate in Diables zone.
18:25 of 2nd period - Chris Tierney is hit by Thomas Spelling.
18:32 of 2nd period - Jan Mursak is hit by Dany Roussin and loses puck.
18:41 of 2nd period - Slapshot by Carl Gunnarsson.
18:41 of 2nd period - Stopped by Sergei Bobrovsky without a rebound.
18:42 of 2nd period - Nick Bjugstad wins face-off versus Trevor Lewis in Thunder zone.
19:07 of 2nd period - Jordan Caron is hit by Joe Labate and loses puck.
19:12 of 2nd period - Wrist shot by Dany Roussin.
19:12 of 2nd period - Stopped by Garret Sparks without a rebound.
19:13 of 2nd period - Tim Schaller wins face-off versus Joe Labate in Diables zone.
19:18 of 2nd period - Thomas Spelling is hit by Jamie Oleksiak and loses puck.
19:27 of 2nd period - Snap shot by Jordan Caron.
19:27 of 2nd period - Stopped by Sergei Bobrovsky with a rebound.
19:51 of 2nd period - Snap shot by Scott Parse.
19:51 of 2nd period - Shot Misses the Net.
Goals for this period are 1 for Thunder vs 3 for Diables.
Shots for this period are 13 for Thunder vs 13 for Diables.
3rd period
0:01 of 3rd period - Scott Parse wins face-off versus Nick Bjugstad in neutral zone.
0:33 of 3rd period - Snap shot by David Wolf.
0:33 of 3rd period - Shot Blocked by Carl Gunnarsson.
0:35 of 3rd period - Slapshot by Austin Wuthrich.
0:35 of 3rd period - Stopped by Garret Sparks without a rebound.
0:36 of 3rd period - Joe Labate wins face-off versus Tim Schaller in Diables zone.
0:43 of 3rd period - Slapshot by Pavel Valentenko.
0:43 of 3rd period - Stopped by Sergei Bobrovsky with a rebound.
0:45 of 3rd period - Wrist shot by Tim Schaller.
0:45 of 3rd period - Stopped by Sergei Bobrovsky with a rebound.
0:47 of 3rd period - Snap shot by Tim Schaller.
0:47 of 3rd period - Stopped by Sergei Bobrovsky without a rebound.
0:48 of 3rd period - Nick Bjugstad wins face-off versus Scott Parse in Thunder zone.
0:49 of 3rd period - Snap shot by Craig Smith.
0:49 of 3rd period - Shot Blocked by Dany Roussin.
1:03 of 3rd period - Snap shot by Dany Roussin.
1:03 of 3rd period - Shot Misses the Net.
1:18 of 3rd period - Snap shot by Mikko Vainonen.
1:18 of 3rd period - Stopped by Garret Sparks with a rebound.
1:20 of 3rd period - Snap shot by Zach Stepan.
1:20 of 3rd period - Shot Misses the Net.
1:37 of 3rd period - Off-side.
1:38 of 3rd period - Chris Tierney wins face-off versus Trevor Lewis in neutral zone.
2:23 of 3rd period - Snap shot by Nick Bjugstad.
2:23 of 3rd period - Stopped by Sergei Bobrovsky without a rebound.
2:24 of 3rd period - Brandon Prust wins face-off versus Zach Stepan in Thunder zone.
2:27 of 3rd period - Slapshot by Nick Bjugstad.
2:27 of 3rd period - Stopped by Sergei Bobrovsky with a rebound.
2:29 of 3rd period - Slapshot by Mark Fraser.
2:29 of 3rd period - Stopped by Sergei Bobrovsky with a rebound.
2:31 of 3rd period - Slapshot by Mark Fraser.
2:31 of 3rd period - Stopped by Sergei Bobrovsky with a rebound.
2:33 of 3rd period - Snap shot by Craig Smith.
2:33 of 3rd period - Stopped by Sergei Bobrovsky with a rebound.
2:35 of 3rd period - Slapshot by Brandon Prust.
2:35 of 3rd period - Shot Blocked by Peter Andersson.
2:37 of 3rd period - Slapshot by Craig Smith.
2:37 of 3rd period - Shot Blocked by Adam Clendening.
2:49 of 3rd period - David Wolf is hit by Craig Smith and loses puck.
2:54 of 3rd period - Snap shot by Craig Smith.
2:54 of 3rd period - Shot Blocked by Austin Wuthrich.
3:02 of 3rd period - Wrist shot by Brandon Prust.
3:02 of 3rd period - Shot Misses the Net.
3:04 of 3rd period - Snap shot by Nick Bjugstad.
3:04 of 3rd period - Shot Misses the Net.
3:06 of 3rd period - Snap shot by Brandon Prust.
3:06 of 3rd period - Stopped by Sergei Bobrovsky with a rebound.
3:12 of 3rd period - Wrist shot by Brandon Prust.
3:12 of 3rd period - Shot Misses the Net.
3:14 of 3rd period - Wrist shot by Brandon Prust.
3:14 of 3rd period - Stopped by Sergei Bobrovsky with a rebound.
3:16 of 3rd period - Wrist shot by Craig Smith.
3:16 of 3rd period - Shot Misses the Net.
3:44 of 3rd period - Snap shot by Craig Smith.
3:44 of 3rd period - Stopped by Sergei Bobrovsky with a rebound.
3:46 of 3rd period - Slapshot by Craig Smith.
3:46 of 3rd period - Shot Blocked by Zach Stepan.
3:56 of 3rd period - Slapshot by Craig Smith.
3:56 of 3rd period - Stopped by Sergei Bobrovsky with a rebound.
3:58 of 3rd period - Snap shot by Nick Bjugstad.
3:58 of 3rd period - Shot Blocked by Zach Stepan.
4:00 of 3rd period - Wrist shot by Brandon Prust.
4:00 of 3rd period - Stopped by Sergei Bobrovsky with a rebound.
4:02 of 3rd period - Snap shot by Nick Bjugstad.
4:02 of 3rd period - Deflect By Craig Smith.
4:02 of 3rd period - Deflect By Austin Wuthrich.
4:02 of 3rd period - Shot Blocked by Adam Clendening.
4:02 of 3rd period - Puck is out of play.
4:03 of 3rd period - Tim Schaller wins face-off versus Scott Parse in Thunder zone.
4:07 of 3rd period - Minor Penalty to Jamie McGinn for Holding Stick.
4:08 of 3rd period - Scott Parse wins face-off versus Tim Schaller in Thunder zone.
4:20 of 3rd period - Jake Muzzin is hit by Jordan Caron and loses puck.
4:33 of 3rd period - Mark Fraser is hit by Jake Muzzin and loses puck.
5:02 of 3rd period - Snap shot by Nikolay Prokhorkin.
5:02 of 3rd period - Shot Misses the Net.
5:04 of 3rd period - Backhand shot by Peter Andersson.
5:04 of 3rd period - Stopped by Garret Sparks with a rebound.
5:06 of 3rd period - Slapshot by Adam Clendening.
5:06 of 3rd period - Shot Blocked by Mikko Lehtonen.
5:08 of 3rd period - Snap shot by Mikko Vainonen.
5:08 of 3rd period - Shot Blocked by Jamie Oleksiak.
5:18 of 3rd period - Michal Repik is hit by Joe Labate and loses puck.
5:59 of 3rd period - Nikolay Prokhorkin is hit by Mikko Lehtonen and loses puck.
6:07 of 3rd period - Penalty to Jamie McGinn is over, Jamie McGinn is back on ice.
6:17 of 3rd period - Icing by Trevor Lewis.
6:18 of 3rd period - Trevor Lewis wins face-off versus Louis Leblanc in Thunder zone.
6:25 of 3rd period - Snap shot by Trevor Lewis.
6:25 of 3rd period - Shot Misses the Net.
6:38 of 3rd period - Minor Penalty to Jan Mursak for Slashing.
6:39 of 3rd period - Brandon Prust wins face-off versus Trevor Lewis in Diables zone.
6:39 of 3rd period - Brandon Prust is hit by Nikolay Prokhorkin.
7:56 of 3rd period - Icing by Joe Labate.
7:57 of 3rd period - Michal Repik wins face-off versus Joe Labate in Thunder zone.
8:38 of 3rd period - Penalty to Jan Mursak is over, Jan Mursak is back on ice.
8:38 of 3rd period - Snap shot by Tim Schaller.
8:38 of 3rd period - Stopped by Sergei Bobrovsky with a rebound.
8:42 of 3rd period - Snap shot by Tim Schaller.
8:42 of 3rd period - Stopped by Sergei Bobrovsky with a rebound.
8:57 of 3rd period - Backhand shot by Jan Mursak.
8:57 of 3rd period - Shot Blocked by Jake Muzzin.
9:07 of 3rd period - Wrist shot by Jan Mursak.
9:07 of 3rd period - Stopped by Sergei Bobrovsky without a rebound.
9:08 of 3rd period - Joe Labate wins face-off versus Michal Repik in Thunder zone.
9:17 of 3rd period - Wrist shot by Dany Roussin.
9:17 of 3rd period - Deflect By Michal Repik.
9:17 of 3rd period - Shot Blocked by Pavel Valentenko.
9:17 of 3rd period - Puck is out of play.
9:18 of 3rd period - Joe Labate wins face-off versus Michal Repik in Diables zone.
9:19 of 3rd period - Snap shot by Dany Roussin.
9:19 of 3rd period - Shot Misses the Net.
9:21 of 3rd period - Wrist shot by Joe Labate.
9:21 of 3rd period - Stopped by Garret Sparks without a rebound.
9:22 of 3rd period - Nick Bjugstad wins face-off versus Joe Labate in Diables zone.
9:27 of 3rd period - Wrist shot by Brandon Prust.
9:27 of 3rd period - Stopped by Sergei Bobrovsky with a rebound.
9:49 of 3rd period - Taylor Beck is hit by Austin Wuthrich and loses puck.
9:58 of 3rd period - Snap shot by Austin Wuthrich.
9:58 of 3rd period - Shot Blocked by Tim Schaller.
10:46 of 3rd period - Off-side.
10:47 of 3rd period - Nick Bjugstad wins face-off versus Zach Stepan in neutral zone.
10:56 of 3rd period - Wrist shot by Brandon Prust.
10:56 of 3rd period - Shot Blocked by Peter Andersson.
11:12 of 3rd period - Wrist shot by Jan Mursak.
11:12 of 3rd period - Stopped by Sergei Bobrovsky with a rebound.
11:20 of 3rd period - Chris Tierney is hit by David Wolf and loses puck.
11:25 of 3rd period - Slapshot by Adam Clendening.
11:25 of 3rd period - Shot Misses the Net.
11:27 of 3rd period - Slapshot by Peter Andersson.
11:27 of 3rd period - Shot Blocked by Pavel Valentenko.
11:29 of 3rd period - Slapshot by Peter Andersson.
11:29 of 3rd period - Shot Misses the Net.
11:31 of 3rd period - Slapshot by Peter Andersson.
11:31 of 3rd period - Stopped by Garret Sparks without a rebound.
11:32 of 3rd period - Trevor Lewis wins face-off versus Craig Smith in Diables zone.
11:35 of 3rd period - Wrist shot by Scott Parse.
11:35 of 3rd period - Stopped by Garret Sparks with a rebound.
11:47 of 3rd period - Snap shot by Brandon Prust.
11:47 of 3rd period - Stopped by Sergei Bobrovsky with a rebound.
11:57 of 3rd period - Taylor Beck is hit by Joe Labate.
12:03 of 3rd period - Snap shot by Dany Roussin.
12:03 of 3rd period - Deflect By Thomas Spelling.
12:03 of 3rd period - Shot Misses the Net.
12:03 of 3rd period - Puck is out of play.
12:04 of 3rd period - Dany Roussin wins face-off versus Tim Schaller in Diables zone.
12:52 of 3rd period - Wrist shot by Michal Repik.
12:52 of 3rd period - Stopped by Sergei Bobrovsky without a rebound.
12:53 of 3rd period - Louis Leblanc wins face-off versus Joe Labate in Thunder zone.
12:56 of 3rd period - Snap shot by Michal Repik.
12:56 of 3rd period - Stopped by Sergei Bobrovsky without a rebound.
12:57 of 3rd period - Nick Bjugstad wins face-off versus Joe Labate in Thunder zone.
13:06 of 3rd period - Slapshot by Joey Ryan.
13:06 of 3rd period - Stopped by Garret Sparks with a rebound.
13:08 of 3rd period - Slapshot by Jake Muzzin.
13:08 of 3rd period - Deflect By Joe Labate.
13:08 of 3rd period - Deflect By Brandon Prust.
13:08 of 3rd period - Shot Misses the Net.
13:08 of 3rd period - Puck is out of play.
13:09 of 3rd period - Nick Bjugstad wins face-off versus Scott Parse in Diables zone.
13:16 of 3rd period - Slapshot by Scott Parse.
13:16 of 3rd period - Stopped by Garret Sparks without a rebound.
13:17 of 3rd period - Nikolay Prokhorkin wins face-off versus Brandon Prust in Diables zone.
13:28 of 3rd period - Snap shot by Scott Parse.
13:28 of 3rd period - Stopped by Garret Sparks with a rebound.
13:55 of 3rd period - Joey Ryan is hit by Jan Mursak and loses puck.
14:26 of 3rd period - Slapshot by Joey Ryan.
14:26 of 3rd period - Stopped by Garret Sparks with a rebound.
14:28 of 3rd period - Slapshot by Joey Ryan.
14:28 of 3rd period - Shot Blocked by Chris Bigras.
14:36 of 3rd period - Slapshot by Joey Ryan.
14:36 of 3rd period - Deflect By David Wolf.
14:36 of 3rd period - Stopped by Garret Sparks with a rebound.
14:52 of 3rd period - Minor Penalty to Adam Clendening for Roughing.
14:53 of 3rd period - Scott Parse wins face-off versus Tim Schaller in Thunder zone.
15:09 of 3rd period - Snap shot by Mark Fraser.
15:09 of 3rd period - Stopped by Sergei Bobrovsky with a rebound.
15:19 of 3rd period - Scott Parse is hit by Craig Smith and loses puck.
15:52 of 3rd period - Dany Roussin is hit by Jordan Caron and loses puck.
16:52 of 3rd period - Penalty to Adam Clendening is over, Adam Clendening is back on ice.
17:54 of 3rd period - Icing by Pavel Valentenko.
17:55 of 3rd period - Tim Schaller wins face-off versus Thomas Spelling in Diables zone.
18:08 of 3rd period - Wrist shot by Scott Parse.
18:08 of 3rd period - Stopped by Garret Sparks without a rebound.
18:09 of 3rd period - Trevor Lewis wins face-off versus Nick Bjugstad in Diables zone.
18:17 of 3rd period - Minor Penalty to Joey Ryan for Tripping.
18:18 of 3rd period - Nick Bjugstad wins face-off versus Scott Parse in Thunder zone.
18:24 of 3rd period - Snap shot by Nick Bjugstad.
18:24 of 3rd period - Goal by Nick Bjugstad - Thunder : 1 - Diables : 4.
18:25 of 3rd period - Trevor Lewis wins face-off versus Craig Smith in neutral zone.
18:55 of 3rd period - Wrist shot by Tim Schaller.
18:55 of 3rd period - Shot Misses the Net.
18:57 of 3rd period - Wrist shot by Taylor Beck.
18:57 of 3rd period - Deflect By Tim Schaller.
18:57 of 3rd period - Shot Blocked by Jake Muzzin.
18:57 of 3rd period - Puck is out of play.
18:58 of 3rd period - Joe Labate wins face-off versus Tim Schaller in Thunder zone.
19:23 of 3rd period - Jordan Caron is hit by Zach Stepan and loses puck.
19:32 of 3rd period - Snap shot by Tim Schaller.
19:32 of 3rd period - Shot Misses the Net.
19:34 of 3rd period - Slapshot by Mark Fraser.
19:34 of 3rd period - Shot Misses the Net.
19:36 of 3rd period - Slapshot by Carl Gunnarsson.
19:36 of 3rd period - Goal by Carl Gunnarsson - Thunder : 1 - Diables : 5.
19:37 of 3rd period - Nikolay Prokhorkin wins face-off versus Brandon Prust in neutral zone.
19:40 of 3rd period - Slapshot by Joey Ryan.
19:40 of 3rd period - Deflect By Trevor Lewis.
19:40 of 3rd period - Stopped by Garret Sparks without a rebound.
19:41 of 3rd period - Nick Bjugstad wins face-off versus Trevor Lewis in Diables zone.
19:41 of 3rd period - Nick Bjugstad is hit by Jake Muzzin.
Goals for this period are 0 for Thunder vs 2 for Diables.
Shots for this period are 13 for Thunder vs 24 for Diables.
Back to the Top